 Dungeon Crawl Stone Soup version 0.20.1-1-g8b1a95d (webtiles) character file.

67 HammerPanzer the Slasher (level 4, -7/40 HPs)
             Began as a Minotaur Berserker on Nov 2, 2017.
             Was a Believer of Trog.
             Killed from afar by Sigmund (10 damage)
             ... with a magic dart
             ... on level 2 of the Dungeon.
             The game lasted 00:03:28 (1133 turns).

HammerPanzer the Slasher (Minotaur Berserker)       Turns: 1133, Time: 00:03:29

Health: -7/40      AC:  6    Str: 21    XL:     4   Next: 0%
Magic:  3/3        EV: 10    Int:  5    God:    Trog [**....]
Gold:   145        SH:  0    Dex: 10    Spells: 3/3 levels left

rFire    . . .     SeeInvis +   a - +0 falchion
rCold    . . .     Gourm    .   (no shield)
rNeg     . . .     Faith    .   q - +0 scale mail
rPois    .         Spirit   .   (helmet restricted)
rElec    .         Reflect  .   (no cloak)
rCorr    .         Harm     .   (no gloves)
MR       .....                  (no boots)
Stlth    ..........             (no amulet)
Regen    0.2/turn               o - ring of see invisible
MPRegen  0.1/turn               (no ring)

@: lethally poisoned (-7 -> -10), berserk cooldown, slowed, very slow
A: retaliatory headbutt, horns 2
a: Berserk, Trog's Hand, Burn Spellbooks, Renounce Religion


You were on level 2 of the Dungeon.
You worshipped Trog.
Trog was pleased with you.
You were not hungry.

You visited 1 branch of the dungeon, and saw 2 of its levels.

You collected 145 gold pieces.

Inventory:

Hand Weapons
 a - a +0 falchion (weapon)
Armour
 q - a +0 scale mail (worn)
Jewellery
 o - a ring of see invisible (left hand)
Scrolls
 f - 2 scrolls of blinking {unknown}
 g - 3 scrolls of enchant armour {unknown}
 h - 3 scrolls of remove curse {unknown}
 i - a scroll of amnesia {unknown}
 j - 2 scrolls of teleportation {unknown}
 m - a scroll of magic mapping {unknown}
 n - 4 scrolls of identify {unknown}
Potions
 e - a potion of curing {unknown}
 k - a potion of flight {unknown}
Comestibles
 b - 9 chunks of flesh
 c - 2 bread rations
 d - 4 fruits
 p - a meat ration


   Skills:
 + Level 4.3 Fighting
 * Level 5.4 Long Blades
 - Level 2.4 Armour
 - Level 2.1 Dodging


You had 3 spell levels left.
You didn't know any spells.

Dungeon Overview and Level Annotations

Branches:
Dungeon (2/15)

Altars:
Ashenzari

Annotations:
D:2 Sigmund


Innate Abilities, Weirdness & Mutations

You reflexively headbutt those who attack you in melee.
You have a pair of horns on your head.


Message History

* * * LOW HITPOINT WARNING * * *
You feel sick. The adder closely misses you.
Sigmund gestures wildly while chanting.
Sigmund flickers and vanishes for a moment.
You're too confused!
Unknown command.
You closely miss the adder.
The adder is almost dead.
You feel less confused.
The adder bites you but does no damage. x2; Sigmund closely misses you.
* * * LOW HITPOINT WARNING * * *
You feel sick. The adder bites you but does no damage.
You hit the adder.
You kill the adder!
Trog accepts your kill.
You have reached level 4!
You feel agile. Sigmund casts a spell at you. The magic dart hits you!
You die...

......##.......########....
##....##.......# #### ..##
...............##....
............####.....
............#........
.................# ##
....#.#.....#..### ...
....#......###.#### ##....
.....(.....# #..@†###......
...........# ####.@........
...........# ###........
...........##..............
...............###...#>....
...........### ..##......
....>........ ... ....(.
............. .... ##....
..... ....


You could see Sigmund (invisible).

Vanquished Creatures
  3 adders (D:2)
  An ooze (D:1)
  A worm (D:2)
  A dart slug (D:1)
  2 leopard geckos
  A bat (D:1)
  2 giant cockroaches
  3 goblins
  3 hobgoblins
  8 kobolds
  8 rats
33 creatures vanquished.

Notes
Turn   | Place    | Note
-------+----------+-------------------------------------------
     0 | D:1      | HammerPanzer the Minotaur Berserker began the quest for the Orb.
     0 | D:1      | Reached XP level 1. HP: 19/19 MP: 0/0
   170 | D:1      | Reached skill level 4 in Long Blades
   253 | D:1      | Reached XP level 2. HP: 27/27 MP: 1/1
   317 | D:1      | Found a shattered altar of Ashenzari.
   975 | D:2      | Reached ** piety under Trog
   975 | D:2      | Reached XP level 3. HP: 33/33 MP: 2/2
   984 | D:2      | Reached skill level 5 in Long Blades
  1116 | D:2      | Noticed Sigmund
  1133 | D:2      | Reached XP level 4. HP: 3/40 MP: 3/3
  1133 | D:2      | Killed from afar by Sigmund

Skill      XL: |  1  2  3 |
---------------+----------+-----
Long Blades    | 4 5 |  5.4
Fighting       | 4 |  4.3
Armour         | |  2.4
Dodging        | |  2.1

Action                   |  1- 3 |  4- 6 || total
-------------------------+-------+-------++-------
Melee: Falchion          |    61 |       ||    61
       Headbutt          |    13 |       ||    13
Invok: Berserk           |     1 |       ||     1
  Eat: Chunk             |     1 |       ||     1
Armor: Leather armour    |     4 |       ||     4
       Ring mail         |     7 |       ||     7
       Scale mail        |    13 |       ||    13
Dodge: Dodged            |    38 |       ||    38
       Rpst.: Falchion   |     8 |       ||     8
